 Dungeon Crawl Stone Soup version 0.27-a0-1177-g245c70e1c0 (webtiles) character file.

Game seed: 8504067943547324737

60 HoaS the Shooter (level 4, 0/26 HPs)
             Began as a Gargoyle Hunter on May 16, 2021.
             Slain by Ijyb
             ... wielding a +0 dagger of electrocution
              (4 damage)
             ... on level 2 of the Dungeon.
             The game lasted 00:05:55 (2902 turns).

HoaS the Shooter (Gargoyle Hunter)                  Turns: 2902, Time: 00:05:56

Health: 0/26       AC:  9    Str: 16    XL:     4   Next: 4%
Magic:  4/4        EV: 11    Int: 12    God:
Gold:   92         SH:  0    Dex: 10    Spells: 3/3 levels left

rFire    . . .     SeeInvis .     - Unarmed
rCold    . . .     Faith    .   (no shield)
rNeg     + . .     Spirit   .   c - +0 leather armour
rPois    ∞         Reflect  .   (no helmet)
rElec    +         Harm     .   (no cloak)
rCorr    .         Rampage  .   (no gloves)
Will     .....                  h - +2 pair of boots
Stlth    +.........             (no amulet)
HPRegen  0.08/turn              (no ring)
MPRegen  0.09/turn              (no ring)

@: no status effects
A: sickness immunity, AC +3, negative energy resistance 1, electricity
resistance, torment resistance 1, petrification resistance
a: no special abilities


You were on level 2 of the Dungeon.
You visited 1 branch of the dungeon, and saw 3 of its levels.

You collected 92 gold pieces.

Inventory:

Hand Weapons
 a - a +1 shortbow
Missiles
 d - 72 arrows
Armour
 c - a +0 leather armour (worn)
 h - a +2 pair of boots (worn)
Potions
 b - 2 potions of mutation
 e - a potion of cancellation
 f - a potion of resistance
 g - a potion of haste {unknown}
 i - a potion of curing {unknown}


   Skills:
 - Level 2.1 Fighting
 - Level 4.0 Bows
 - Level 1.5 Dodging
 - Level 1.1 Stealth
 + Level 3.5 Unarmed Combat


You had 3 spell levels left.
You didn't know any spells.
Your spell library was empty.

Dungeon Overview and Level Annotations

Branches:
Dungeon (3/15)

Altars:

Shops:
D:1 (

Annotations:
D:2 Ijyb


Innate Abilities, Weirdness & Mutations

You are immune to sickness and miasma.
Your stone body is resilient. (AC +3)
You are immune to poison.
You resist negative energy. (rN+)
You are resistant to electric shocks. (rElec)
You are resistant to unholy torment.
You are immune to petrification.


Message History

You hit Ijyb.
Ijyb is heavily wounded.
Ijyb hits you but does no damage.
You hit Ijyb.
Ijyb is severely wounded.
Ijyb hits you with a +0 dagger of electrocution.
You hit Ijyb.
Ijyb is severely wounded.
Ijyb hits you but does no damage.
You hit Ijyb but do no damage.
Ijyb is severely wounded.
Ijyb screams, "It's all mine!"
Ijyb barely misses you.
You hit Ijyb but do no damage.
Ijyb is severely wounded.
Ijyb misses you.
You closely miss Ijyb.
Ijyb is severely wounded.
Ijyb closely misses you.
You hit Ijyb but do no damage.
Ijyb is severely wounded.
Ijyb hits you but does no damage.
You barely miss Ijyb.
Ijyb is severely wounded.
Ijyb hits you with a +0 dagger of electrocution.
* * * LOW HITPOINT WARNING * * *
You hit Ijyb but do no damage.
Ijyb is severely wounded.
Ijyb hits you with a +0 dagger of electrocution.
* * * LOW HITPOINT WARNING * * *
You hit Ijyb but do no damage.
Ijyb is severely wounded.
Ijyb hits you but does no damage.
You closely miss Ijyb.
Ijyb is severely wounded.
Ijyb closely misses you.
You hit Ijyb.
Ijyb is almost dead.
Ijyb hits you with a +0 dagger of electrocution.
You die...

###.####^...#####§§§§#
#..# #..#..## #§§§§#
##.## #..<#..###§§§§#
...#####.#.##..##§§§.#
#####....#.###..######
##.####..###...##
##..# ##.....#..#
#..## #####.g#.#######
###.## #...@...#....#
....# #..÷.........#
[#### #............#
.# #####...#....# ##
##..###....#
########..## #..).#
#........## ######
##########


You could see Ijyb.

Vanquished Creatures
  An adder (D:2)
  3 dart slugs
  2 bats (D:1)
  2 endoplasms (D:1)
  A giant cockroach (D:2)
  3 goblins
  5 hobgoblins
  10 jackals (D:1)
  3 kobolds
  A quokka (D:2)
  2 ball pythons (D:2)
  3 frilled lizards
  3 rats
39 creatures vanquished.

Notes
Turn   | Place    | Note
-------+----------+-------------------------------------------
     0 | D:1      | HoaS the Gargoyle Hunter began the quest for the Orb.
     0 | D:1      | Reached XP level 1. HP: 12/12 MP: 1/1
   360 | D:1      | Found Ymurez's Weapon Boutique.
   446 | D:1      | Reached skill level 1 in Unarmed Combat
   581 | D:1      | Reached XP level 2. HP: 8/17 MP: 2/2
  1440 | D:1      | Reached XP level 3. HP: 21/21 MP: 3/3
  2507 | D:2      | Reached XP level 4. HP: 26/26 MP: 4/4
  2812 | D:3      | Noticed Ijyb
  2902 | D:2      | Slain by Ijyb

Illustrated notes

Levels and vault maps discovered:
D:1:      dpeg_arrival_orchard, layout_basic, serial_shops, shop
D:2:      layout_rooms
D:3:      layout_rooms, nicolae_qazlal_eye_of_the_storm,
          lemuel_coloured_pillars_altar, shapermc_ecumenical_altar_hornbeckon,
          uniq_ijyb

Skill      XL: |  1  2  3 |
---------------+----------+-----
Unarmed Combat | 1 2 3 |  3.5
Fighting       | |  2.1
Bows           | |  4.0
Dodging        | |  1.5
Stealth        | |  1.1

Action                   |  1- 3 |  4- 6 || total
-------------------------+-------+-------++-------
Melee: Unarmed           |   194 |    95 ||   289
       Punch             |     2 |       ||     2
  Use: Scroll            |     4 |     2 ||     6
Armor: Leather armour    |    76 |    32 ||   108
Dodge: Dodged            |   119 |    42 ||   161

Table legend: (Time is in decaauts)
 A = Elapsed time spent in this place.
 B = Non-inter-level travel time spent in this place.
 C = Inter-level travel time spent in this place.
 D = Time resting spent in this place.
 E = Time spent auto-exploring this place.
 F = Levels seen in this place.
 G = Mean time per level.
                   A        B        C        D        E       F      G
               +--------+--------+--------+--------+--------+-----+--------+
         Total |   2889 |   2868 |     21 |   1285 |   1134 |   3 |  963.0 |
       Dungeon |   2889 |   2868 |     21 |   1285 |   1134 |   3 |  963.0 |
               +--------+--------+--------+--------+--------+-----+--------+

Top non-repeatable levels by time:
     D:1: 2166 daAuts
     D:2: 719 daAuts
     D:3: 2 daAuts
